 Dungeon Crawl Stone Soup version 0.32-a0-705-g60f233581c (webtiles) character file.

Game seed: 16863579693889109825

91 BeKind the Chiller (level 4, -2/27 HPs)
             Began as an Octopode Ice Elementalist on Mar 14, 2024.
             Slain by an adder (4 damage)
             ... on level 3 of the Dungeon.
             The game lasted 00:04:26 (2285 turns).

BeKind the Chiller (Octopode Ice Elementalist)      Turns: 2285, Time: 00:04:26

Health: -2/27      AC:  1    Str:  7    XL:     4   Next: 59%
Magic:  3/8        EV: 12    Int: 19    God:
Gold:   102        SH:  0    Dex: 12    Spells: 1/8 levels left

rFire   . . .        b - +1 dagger
rCold   . . .        (no shield)
rNeg    . . .        (helmet restricted)
rPois   .            (no amulet)
rElec   .            (no ring)
rCorr   .            (no ring)
SInv    .            (no ring)
Will    .....        (no ring)
Stlth   +++          (no ring)
HPRegen 0.24/turn    (no ring)
MPRegen 0.11/turn    (no ring)
                     (no ring)

%: no passive effects
@: lethally poisoned (-2 -> -3), very slightly contaminated
A: almost no armour, amphibious, 8 rings, camouflage 1, gelatinous body 1,
(nimble swimmer 1), tentacles
a: no special abilities


You were on level 3 of the Dungeon.
You visited 1 branch of the dungeon, and saw 3 of its levels.

You collected 102 gold pieces.

Inventory:

Hand Weapons
 b - a +1 dagger (weapon)
Jewellery
 g - a ring of fire
Talismans
 i - a maw talisman
Scrolls
 c - 2 scrolls of teleportation {unknown}
 e - a scroll of vulnerability {unknown}
 h - a scroll of poison
 j - a scroll of enchant weapon
 m - a scroll of fear {unknown}
Potions
 a - a potion of magic
 d - a potion of brilliance {unknown}
 k - a potion of might {unknown}
 l - a potion of haste {unknown}
 n - 2 potions of heal wounds {unknown}
 o - a potion of curing {unknown}


   Skills:
 + Level 3.1 Dodging
 - Level 2.9 Stealth
 + Level 2.9 Spellcasting
 + Level 4.6 Ice Magic


You had one spell level left.
You knew the following spells:

 Your Spells              Type           Power      Damage    Failure   Level
a - Freeze                Ice            80%        1d9       2%          1
b - Frozen Ramparts       Ice            40%        1d7       7%          3
c - Summon Ice Beast      Ice/Summ       11%        N/A       19%         3

Your spell library contained the following spells:

 Spells                   Type           Power      Damage    Failure   Level
 Ozocubu's Armour         Ice            20%        N/A       7%          3


Dungeon Overview and Level Annotations

Branches:
Dungeon (3/15)

Altars:


Innate Abilities, Weirdness & Mutations

You cannot wear most types of armour.
You are amphibious.
You can wear up to eight rings at the same time.
Your skin changes colour to match your surroundings (Stealth+).
Your rubbery body absorbs attacks. (AC +1, EV +1)
((You are camouflaged when in or above water. (Stealth+)))
You have tentacles for arms and can constrict up to eight enemies at once.


Message History

You miscast Summon Ice Beast.
You are very lightly contaminated with residual magic.
Nothing appears to happen.
The adder barely misses you.
Unknown command.
Casting: Summon Ice Beast (quite dangerous; 19% risk of failure)
Confirm with . or Enter, or press ? or * to list all spells.
You miscast Summon Ice Beast.
Nothing appears to happen.
The adder barely misses you. The orc completely misses you.
Found a purple potion.
The adder closely misses you. The adder bites you.
You see here 3 stones.
The bullfrog closely misses you. The bullfrog misses you.
The bullfrog completely misses you. The adder bites you.
You are poisoned.
The adder poisons you!
You feel sick. The bullfrog attacks as it pursues you!
The bullfrog hits you but does no damage.
You feel sick. The bullfrog hits you.
You feel sick. The adder attacks as it pursues you! The adder bites you.
You are more poisoned.
The adder poisons you! The bullfrog misses you. The adder barely misses you.
The air fills with toxic fumes!
As you read the scroll labelled OREINE KOXT, it crumbles to dust.
It was a scroll of poison.
You feel sick. The bullfrog misses you. The orc closely misses you.
The adder misses you. The bullfrog hits you!
* * * LOW HITPOINT WARNING * * *
As you read the scroll labelled NOPTAU VUTSU, it crumbles to dust.
It is a scroll of enchant weapon.
Your +0 dagger glows red for a moment.
You feel sick. The bullfrog misses you. The adder bites you.
* * * LOW HITPOINT WARNING * * *
The orc barely misses you.
As you read the scroll labelled PISTREC FIAHOTZ, it crumbles to dust.
You hear a loud clanging noise!
It was a scroll of noise.
* * * LOW HITPOINT WARNING * * *
You feel sick.
You hear an angry hiss.
The bullfrog closely misses you. The adder bites you.
You die...

>. !.................. #.
#####.§§§.....##.# #.####
#§§§§.....##..
#....#########§§§§.....##..
##....##.....§§§§§§.....##..
##.....##.####§§§§§§.....##.(
#.~.~♣....#§§§§§§§§§.....#...
##~~P~~######oF§§§§########...
#..~PP.....#§@S§§§§# #<..##...
#.#.####...#§##§§§§# ....#...
#.####.###§####### #......
#........§§# #......
#.#####.#### ####... # #<
#.....#.### #...... #.#.
#......# #.#.### #.#.#
#..#...# ####.#....
#....####..#...# #....#####


You could see a bullfrog, an adder and an orc.

Vanquished Creatures
  Terence (D:3)
  An adder (D:2)
  2 dart slugs (D:2)
  A ribbon worm (D:2)
  8 endoplasms
  5 giant cockroaches
  8 goblins
  A hobgoblin (D:2)
  3 jackals (D:2)
  3 kobolds (D:1)
  3 quokkas
  5 ball pythons
  2 bats (D:2)
  3 frilled lizards
  5 rats
51 creatures vanquished.

Notes
Turn   | Place    | Note
-------+----------+-------------------------------------------
     0 | D:1      | BeKind the Octopode Ice Elementalist began the quest for
                  | the Orb.
     0 | D:1      | Reached XP level 1. HP: 11/11 MP: 3/3
    97 | D:1      | Reached XP level 2. HP: 17/17 MP: 1/5
   708 | D:2      | Reached XP level 3. HP: 21/21 MP: 6/6
   709 | D:2      | Found a faded altar of an unknown god.
   788 | D:2      | Learned a level 3 spell: Frozen Ramparts
  1254 | D:2      | Reached XP level 4. HP: 26/27 MP: 6/8
  1749 | D:2      | You fall into a shaft and drop 1 floor!
  1911 | D:3      | Noticed Terence
  1921 | D:3      | Noticed a bullfrog
  1932 | D:3      | Killed Terence
  2226 | D:3      | Learned a level 3 spell: Summon Ice Beast
  2285 | D:3      | Slain by an adder

Illustrated notes

Levels and vault maps discovered:
D:1:      minmay_arrival_three_doors, layout_basic
D:2:      layout_basic, shapermc_ecumenical_altar_ellora, minmay_pentomino_o4
D:3:      layout_basic, serial_bayou_pond_e, uniq_terence

Skill      XL: |  1  2  3  4 |
---------------+-------------+-----
Dodging        | 3 |  3.1
Stealth        | |  2.9
Spellcasting   | |  2.9
Ice Magic      | |  4.6

Action                     |  1- 3 |  4- 6 || total
---------------------------+-------+-------++-------
  Melee: Unarmed           |     2 |       ||     2
         Tentacles         |    13 |     2 ||    15
         Constrict         |    10 |     5 ||    15
         Dagger            |    62 |    13 ||    75
   Cast: Freeze            |    16 |     6 ||    22
         Frozen Ramparts   |       |     1 ||     1
    Use: Scroll            |       |     3 ||     3
   Stab: Sleeping          |    11 |     5 ||    16
         Distracted        |     1 |       ||     1
 Armour: Skin              |    15 |    15 ||    30
  Dodge: Dodged            |    44 |    27 ||    71
         Form:             |     1 |       ||     1
         Maw               |     1 |       ||     1

Table legend: (Time is in decaauts)
 A = Elapsed time spent in this place.
 B = Non-inter-level travel time spent in this place.
 C = Inter-level travel time spent in this place.
 D = Time resting spent in this place.
 E = Time spent auto-exploring this place.
 F = Levels seen in this place.
 G = Mean time per level.
                   A        B        C        D        E       F      G
               +--------+--------+--------+--------+--------+-----+--------+
         Total |   2283 |   2139 |    144 |    162 |   1572 |   3 |  761.0 |
       Dungeon |   2283 |   2139 |    144 |    162 |   1572 |   3 |  761.0 |
               +--------+--------+--------+--------+--------+-----+--------+

Top non-repeatable levels by time:
     D:2: 1114 daAuts
     D:1: 633 daAuts
     D:3: 535 daAuts
